 Dungeon Crawl Stone Soup version 0.26.1-11-gd32895ea62 (webtiles) character file.

Game seed: 13436399534810827113

113 nothank2 the Slasher (level 4, -5/58 HPs)
             Began as a Minotaur Fighter on June 24, 2021.
             Slain by an ancient zyme (6 damage)
             ... on level 1 of the Abyss.
             The game lasted 00:05:33 (1613 turns).

nothank2 the Slasher (Minotaur Fighter)             Turns: 1613, Time: 00:05:34

Health: -5/58      AC:  8    Str: 21      XL:     4   Next: 65%
Magic:  2/2        EV:  7    Int:  5      God:
Gold:   163        SH:  8    Dex:  5 (6)  Spells: 3/3 levels left

rFire    . . .     SeeInvis .   a - +0 long sword
rCold    . . .     Faith    .   c - +0 kite shield
rNeg     . . .     Spirit   .   b - +0 scale mail
rPois    .         Reflect  .   (helmet restricted)
rElec    .         Harm     .   (no cloak)
rCorr    .         Rampage  .   f - +0 pair of gloves
Will     .....     Rnd*Rage +   (no boots)
Stlth    ..........             m - amulet of regeneration
HPRegen  0.00/turn              (no ring)
MPRegen  0.08/turn              (no ring)

@: berserking, non-regenerating, badly diseased, very quick
A: retaliatory headbutt, horns 2, [berserk 3], [blurry vision 3], [clumsy 2],
[deterioration 2], [low mp 2], [no potion heal 2]
a: no special abilities


You were on level 1 of the Abyss.
You visited 1 branch of the dungeon, and saw 2 of its levels.
You visited the Abyss 1 time.

You collected 163 gold pieces.

Inventory:

Hand Weapons
 a - a +0 long sword (weapon)
 u - a cursed -2 broad axe
 v - a cursed +0 dagger
Armour
 b - a +0 scale mail (worn)
 c - a +0 kite shield (worn)
 f - a +0 pair of gloves (worn)
 j - a +2 kite shield
Jewellery
 m - an amulet of regeneration (around neck)
Scrolls
 e - a scroll of random uselessness
 p - a scroll of fear {unknown}
 s - a scroll of enchant armour {unknown}
Potions
 d - a potion of might
 g - a potion of cancellation {unknown}
 h - a potion of attraction {unknown}
 i - a potion of heal wounds {unknown}
 k - 2 potions of magic {unknown}
 l - a potion of haste {unknown}
 n - a potion of brilliance {unknown}
 o - a potion of invisibility {unknown}
 q - a potion of resistance
 r - a potion of degeneration {unknown}
 t - a potion of curing {unknown}


   Skills:
 - Level 3.6 Fighting
 + Level 6.0 Long Blades
 - Level 3.6 Armour
 - Level 3.6 Shields


You had 3 spell levels left.
You didn't know any spells.
Your spell library was empty.

Dungeon Overview and Level Annotations

Branches:
Dungeon (2/15)

Altars:

Annotations:
D:2 Crazy Yiuf


Innate Abilities, Weirdness & Mutations

You reflexively headbutt those who attack you in melee.
You have a pair of horns on your head.
[You have an uncontrollable temper.]
[Scrolls take you much longer to read.]
[You are very clumsy. (Dex -4)]
[Your body often deteriorates upon taking damage.]
[Your magical capacity is very low. (-20% MP)]
[Potions are poor at restoring your health.]


Message History

The ancient zyme hits you!
* * * LOW HITPOINT WARNING * * *
The ancient zyme hits you but does no damage.
The wretched star pulses with an eldritch light!
You feel extremely angry at everything!
You feel yourself wasting away.
You feel your body start to fall apart.
You hit the ancient zyme. Your headbutt misses the ancient zyme.
The ancient zyme is severely damaged.
The ancient zyme hits you but does no damage. x2
You feel ill.
The ancient zyme hits you but does no damage.
The ancient zyme hits you.
* * * LOW HITPOINT WARNING * * *
Your body deteriorates!
You feel clumsy.
A red film seems to cover your vision as you go berserk!
You feel yourself moving faster!
You feel mighty!
You barely miss the ancient zyme.
The ancient zyme is severely damaged.
The ancient zyme hits you.
You die...

## .# ..
##.#...# ...#.
.# ..#. ..# .#
...#.. #. #
######. ## #
.#.####.@x*#.#.
..
#..####..#..#
.### #... ....#
.. .#...###.#.#
# .# .. . ..###
.#.##. . .#.
#..# ##. #.###
# #..# x #. #.
. ..# # ..#.###
# .#...#


You could see a wretched star and an ancient zyme.

Vanquished Creatures
  Terence (D:2)
  3 gnolls (D:2)
  An adder (D:2)
  An ooze (D:1)
  A worm (D:2)
  5 dart slugs
  A leopard gecko (D:1)
  A ball python (D:1)
  5 bats
  6 hobgoblins
  2 jackals (D:2)
  A frilled lizard (D:1)
  2 goblins (D:2)
  3 kobolds
  2 rats
35 creatures vanquished.

Notes
Turn   | Place    | Note
-------+----------+-------------------------------------------
     0 | D:1      | nothank2 the Minotaur Fighter began the quest for the Orb.
     0 | D:1      | Reached XP level 1. HP: 19/19 MP: 0/0
    29 | D:1      | Reached skill level 3 in Long Blades
    32 | D:1      | Reached XP level 2. HP: 26/26 MP: 1/1
   239 | D:1      | Reached skill level 4 in Long Blades
   285 | D:1      | Reached XP level 3. HP: 23/31 MP: 2/2
   828 | D:2      | Reached skill level 5 in Long Blades
   833 | D:2      | Reached XP level 4. HP: 26/39 MP: 3/3
  1252 | D:2      | Noticed Terence
  1260 | D:2      | Killed Terence
  1261 | D:2      | Reached skill level 6 in Long Blades
  1382 | D:2      | Found a runed translucent door.
  1383 | D:2      | Noticed Crazy Yiuf
  1388 | D:2      | Cast into level 1 of the Abyss (Crazy Yiuf)
  1521 | Abyss:1  | Noticed a large abomination
  1534 | Abyss:1  | Noticed a small abomination
  1561 | Abyss:1  | Noticed a ynoxinul
  1581 | Abyss:1  | Noticed an ancient zyme
  1595 | Abyss:1  | Noticed a wretched star
  1612 | Abyss:1  | HP: 1/39 [ancient zyme (6)]
  1613 | Abyss:1  | Slain by an ancient zyme

Illustrated notes

Levels and vault maps discovered:
D:1:      dpeg_arrival_orchard, layout_rooms
D:2:      layout_loops_ring, uniq_terence, uniq_crazy_yiuf_cottage
Abyss:1:  base: D:1, lemuel_flamethrower_3, minivault_1

Skill      XL: |  1  2  3  4 |
---------------+-------------+-----
Long Blades    | 3 4 5 6 |  6.0
Fighting       | |  3.6
Armour         | |  3.6
Shields        | |  3.6

Action                   |  1- 3 |  4- 6 || total
-------------------------+-------+-------++-------
Melee: Long sword        |    69 |    32 ||   101
       Headbutt          |    11 |     7 ||    18
  Use: Scroll            |       |     4 ||     4
Armor: Scale mail        |    26 |    19 ||    45
Dodge: Dodged            |    24 |    10 ||    34
Block: Kite shield       |    39 |    25 ||    64
       Rpst.: Long sword |     4 |     2 ||     6
